 Dungeon Crawl Stone Soup version 0.16.2-12-gd0ad4c3 (webtiles) character file.

15038 DizzySkin the Fighter (level 11, -10/108 HPs)
             Began as a Minotaur Fighter on Sept 10, 2015.
             Was a High Priest of Makhleb.
             Mangled by a cyclops (22 damage)
             ... on level 11 of the Dungeon.
             The game lasted 00:41:29 (9746 turns).

DizzySkin the Fighter (Minotaur Fighter)            Turns: 9746, Time: 00:41:30

Health: -10/108    AC: 16    Str: 26    XL:     11   Next: 96%
Magic:  11/11      EV:  8    Int:  5    God:    Makhleb [*****.]
Gold:   711        SH: 10    Dex: 13    Spells: 0 memorised, 10 levels left

rFire  . . .     SeeInvis +     p - +1 flail (protect)
rCold  . . .     Clarity  .     n - +0 plate armour
rNeg   . . .     SustAb   .     c - +0 shield
rPois  .         Gourm    .     (helmet restricted)
rElec  .         Spirit   .     (no cloak)
rCorr  +         Warding  .     q - +0 pair of gloves
rMut   .         Stasis   .     (no boots)
MR     .....                    V - amulet of resist corrosion
Stlth  ..........               a - ring of see invisible
                                f - +3 ring of evasion

@: mighty, not resistant to hostile enchantments, extremely unstealthy
A: retaliatory headbutt, horns 2, deformed body, slow healing 1
a: Minor Destruction, Lesser Servant of Makhleb, Major Destruction, Greater
Servant of Makhleb, Renounce Religion


You were on level 11 of the Dungeon.
You worshipped Makhleb.
Makhleb was extremely pleased with you.
You were not hungry.

You visited 2 branches of the dungeon, and saw 12 of its levels.

You collected 711 gold pieces.

Inventory:

Hand weapons
 m - a +0 trident of freezing
 p - a +1 flail of protection (weapon)
 t - a +1 vampiric dagger
 v - a +1 mace of crushing
 C - a +1 spear of venom
 E - a +4 demon whip of electrocution
 O - a +1 battleaxe of venom
 T - a +0 dire flail
 Y - a +0 flail of holy wrath
Missiles
 j - 26 tomahawks (quivered)
 B - 2 throwing nets
 Q - 3 javelins of returning
 S - 3 silver tomahawks
Armour
 c - a +0 shield (worn)
 n - a +0 plate armour (worn)
 q - a +0 pair of gloves (worn)
 L - a +0 pair of boots
Jewellery
 a - a ring of see invisible (right hand)
 f - a +3 ring of evasion (left hand)
 J - an uncursed ring of flight
 V - an amulet of resist corrosion (around neck)
Magical devices
 I - a wand of frost (22)
 W - a wand of confusion (48)
Scrolls
 g - 7 scrolls of remove curse
 l - a scroll of immolation
 s - a scroll of enchant armour
 u - a scroll of fog
 w - 4 scrolls of teleportation
 y - a scroll of enchant weapon
 G - 2 scrolls of blinking
 M - a scroll of fear
 P - a scroll of random uselessness {unknown}
 R - 2 scrolls of amnesia {unknown}
Potions
 e - 3 potions of might
 i - 2 potions of magic {unknown}
 k - a potion of cure mutation {unknown}
 o - a potion of curing
 x - 3 potions of flight
 A - a potion of cancellation
 H - a potion of restore abilities {unknown}
 Z - 2 potions of brilliance {unknown}
Books
 b - an Akashic Record {highlevel, unknown}

   This book is beyond your current level of understanding.

   Spells                             Type                      Level
   a - Dispersal                      Translocation                6
   b - Controlled Blink               Translocation                7
   c - Malign Gateway                 Summoning/Translocation      7
   d - Disjunction                    Translocation                8
   e - Singularity                    Translocation                9
 D - a book of Conjurations

   Spells                             Type                      Level
   a - Magic Dart                     Conjuration                  1
   b - Searing Ray                    Conjuration                  2
   c - Dazzling Spray                 Conjuration/Hexes            3
   d - Fulminant Prism                Conjuration/Hexes            4
   e - Iskenderun's Mystic Blast      Conjuration                  4
   f - Iskenderun's Battlesphere      Conjuration/Charms           5
Comestibles
 d - 11 bread rations
 h - 4 meat rations
 r - 3 beef jerkies
 K - 7 chunks of flesh
 U - 3 slices of pizza
 X - 5 fruits


   Skills:
 + Level 13.8 Fighting
 + Level 13.3 Maces & Flails
 + Level 10.8 Armour
 - Level 5.0 Shields
 - Level 4.0 Invocations


You had 10 spell levels left.
You didn't know any spells.

Dungeon Overview and Level Annotations

Branches:
Dungeon (11/15)            Temple (1/1) D:6            Lair (0/8) D:11
    Orc: D:9-12

Altars:
Ashenzari
Cheibriados
Dithmenos
Elyvilon
Fedhas
Gozag
Kikubaaqudgha
Makhleb
Nemelex Xobeh
Okawaru
Qazlal
Ru
Sif Muna
Trog
Vehumet
Xom
Yredelemnul
Zin
The Shining One
Beogh

Shops:
D:6 (

Annotations:
D:11 Urug


Innate Abilities, Weirdness & Mutations

You reflexively headbutt those who attack you in melee.
You have a pair of horns on your head.
Armour fits poorly on your strangely shaped body.
You heal slowly when monsters are visible.


Message History

The cyclops hits you!
* * * LOW HITPOINT WARNING * * *
Drink which item? (? for menu, Esc to quit)
You feel much better.
You feel sick.
Drink which item? (? for menu, Esc to quit)
You feel very mighty all of a sudden.
You feel sick. Urug hits you with a great mace.
* * * LOW HITPOINT WARNING * * *
The cyclops hits you!
* * * LOW HITPOINT WARNING * * *
Drink which item? (? for menu, Esc to quit)
You can't drink that!
Drink which item? (? for menu, Esc to quit)
You feel better. You block Urug's attack. The cyclops hits you!!
* * * LOW HITPOINT WARNING * * *
Drink which item? (? for menu, Esc to quit)
You feel better. You block Urug's attack.
Drink which item? (? for menu, Esc to quit)
You feel better. The cyclops hits you!!
You die...

....PP.###..##..#* *,,,,
....P### ##....#* *******,,,*
##).## #...## **,,,,*,,,** #...#
#...## **.,,,,,,,,* ..>##
##...(## **>..,,,,,,,*
....######..#..(###*..#**,,,,,,*
......##..#####.(.#...# *,,,,,,*
######..### #.(....#* **,,,,,* #
#### ##@....# *,,,,,* ## #oC...#
**,,,** .## #(....# ***** ..##
#(....# ##.## ##...## ##.##
*#### ##.## ##.### ##..#


You could see Urug and a cyclops.

Vanquished Creatures
  A centaur zombie (D:10)
  An ugly thing (D:11)
  A two-headed ogre (D:8)
  2 basilisks (D:11)
  A wyvern (D:10)
  A human (D:5)
  A spriggan (D:7)
  6 yaks
  A deep elf mage (D:9)
  A hungry ghost (D:11)
  A hippogriff (D:10)
  3 orc warriors (D:10)
  4 ice beasts
  3 porcupines (D:11)
  3 sky beasts
  4 centaurs
  A big kobold (D:10)
  4 ogres
  2 crocodiles
  A gnoll sergeant (D:5)
  5 giant frogs
  10 killer bees
  2 scorpions
  7 wights
  2 electric eels (D:10)
  3 crimson imps
  A goliath beetle (D:7)
  2 giant frog zombies
  5 hounds
  A lava snake (D:7)
  2 giant frog skeletons
  An iguana (D:5)
  2 centaur skeletons
  A jelly (D:8)
  14 orc wizards
  8 orc priests
  3 worker ants
  3 sheep (D:11)
  A hound zombie (D:7)
  5 gnolls (D:5)
  A worker ant zombie (D:5)
  10 adders
  3 giant mites
  3 shadow imps
  2 worms
  An adder skeleton (D:3)
  3 giant geckos
  2 oozes
  60 orcs
  6 giant cockroaches
  18 hobgoblins
  3 jackals (D:3)
  4 quokkas
  2 ball pythons
  13 bats
  A giant cockroach zombie (D:5)
  2 giant newts
  13 goblins
  A goblin skeleton (D:5)
  A goblin zombie (D:5)
  A jackal zombie (D:5)
  16 kobolds
  A quokka skeleton (D:8)
  18 rats
305 creatures vanquished.

Vanquished Creatures (collateral kills)
  A crocodile (D:11)
  A rat (D:11)
2 creatures vanquished.

Vanquished Creatures (others)
  An electric eel (D:10)
1 creature vanquished.

Grand Total: 308 creatures vanquished

Notes
Turn   | Place    | Note
--------------------------------------------------------------
     0 | D:1      | DizzySkin, the Minotaur Fighter, began the quest for the Orb.
     0 | D:1      | Reached XP level 1. HP: 19/19 MP: 1/1
   135 | D:1      | Reached XP level 2. HP: 25/27 MP: 1/1
   411 | D:1      | Reached skill level 4 in Armour
   766 | D:2      | Reached XP level 3. HP: 23/33 MP: 2/2
  1341 | D:3      | Reached XP level 4. HP: 32/40 MP: 2/2
  1490 | D:3      | Reached XP level 5. HP: 47/47 MP: 2/2
  1538 | D:3      | Reached skill level 5 in Armour
  1538 | D:3      | Reached skill level 5 in Shields
  1616 | D:3      | Noticed a giant frog
  1633 | D:3      | Killed a giant frog
  1633 | D:3      | Reached skill level 5 in Fighting
  1633 | D:3      | Reached XP level 6. HP: 47/56 MP: 3/3
  2083 | D:3      | Reached skill level 6 in Fighting
  2083 | D:3      | Reached skill level 5 in Maces & Flails
  2128 | D:3      | Found a radiant altar of Vehumet.
  2624 | D:4      | Reached XP level 7. HP: 64/64 MP: 3/3
  3001 | D:4      | Reached skill level 7 in Fighting
  3252 | D:5      | Entered Level 5 of the Dungeon
  3755 | D:5      | Reached skill level 8 in Fighting
  3956 | D:5      | Reached XP level 8. HP: 57/75 MP: 3/3
  3968 | D:5      | Found a sparkling altar of Nemelex Xobeh.
  4109 | D:5      | Noticed a human
  4110 | D:5      | Found a runed door.
  4142 | D:5      | Found a basalt altar of Yredelemnul.
  4192 | D:5      | Killed a human
  4595 | D:5      | Reached skill level 9 in Fighting
  4631 | D:6      | Found a blossoming altar of Fedhas.
  4692 | D:6      | Found Cauta's Antique Weapon Emporium.
  5120 | D:6      | Found a staircase to the Ecumenical Temple.
  5127 | Temple   | Entered the Ecumenical Temple
  5184 | Temple   | Became a worshipper of Makhleb the Destroyer
  5480 | D:7      | Found a glowing golden altar of the Shining One.
  5961 | D:7      | Acquired Makhleb's first power
  6089 | D:7      | Reached skill level 10 in Fighting
  6311 | D:7      | Reached XP level 9. HP: 85/85 MP: 4/4
  6503 | D:8      | Gained mutation: Armour fits poorly on your strangely shaped body. [mutagenic meat]
  6504 | D:8      | Gained mutation: You expend magic power (3 MP) to slightly strengthen your wands. [mutagenic meat]
  6543 | D:8      | Found a snail-covered altar of Cheibriados.
  6616 | D:8      | Reached skill level 10 in Maces & Flails
  6710 | D:8      | Gained mutation: You are partially covered in molten scales (AC +1). [potion of mutation]
  6710 | D:8      | Lost mutation: You are partially covered in molten scales (AC +1). [potion of mutation]
  6710 | D:8      | Lost mutation: You expend magic power (3 MP) to slightly strengthen your wands. [potion of mutation]
  6832 | D:8      | Noticed a two-headed ogre
  6836 | D:8      | Killed a two-headed ogre
  6836 | D:8      | Reached skill level 11 in Fighting
  6910 | D:8      | Acquired Makhleb's second power
  7625 | D:9      | Gained mutation: You heal slowly when monsters are visible. [mutagenic glow]
  7774 | D:9      | Found a glowing silver altar of Zin.
  7907 | D:8      | Reached XP level 10. HP: 84/97 MP: 4/4
  8001 | D:9      | Acquired Makhleb's third power
  8001 | D:9      | Reached skill level 12 in Fighting
  8274 | D:10     | Entered Level 10 of the Dungeon
  8728 | D:10     | Acquired Makhleb's fourth power
  8741 | D:10     | Found a roughly hewn altar of Beogh.
  8989 | D:10     | Reached skill level 13 in Fighting
  8989 | D:10     | Reached skill level 10 in Armour
  8989 | D:10     | Reached XP level 11. HP: 96/107 MP: 4/11
  9004 | D:10     | Found a shadowy altar of Dithmenos.
  9303 | D:11     | Identified a scroll of acquirement
  9328 | D:11     | Found a staircase to the Lair.
  9602 | D:11     | Acquired Makhleb's fifth power
  9728 | D:11     | Noticed Urug
  9744 | D:11     | HP: 2/108 [cyclops (19)]
  9746 | D:11     | Mangled by a cyclops

Action                   |  1- 3 |  4- 6 |  7- 9 | 10-12 || total
-------------------------+-------+-------+-------+-------++-------
Melee: Flail             |    84 |   179 |   436 |   324 ||  1023
Throw: Tomahawk          |       |    13 |    19 |     8 ||    40
  Use: Scroll            |       |       |    10 |     6 ||    16
       Potion            |       |       |     4 |    10 ||    14
  Eat: Chunk             |     1 |     5 |    19 |     7 ||    32
